 Dungeon Crawl Stone Soup version 0.27-a0-797-g27d10ad80f (webtiles) character file.

Game seed: 9916859656674343006

207 sahdkjhfkaj the Ruffian (level 5, -10/45 HPs)
             Began as a Minotaur Fighter on Mar 27, 2021.
             Killed by divine providence
             ... invoked by an orc priest
              (15 damage)
             ... on level 6 of the Dungeon.
             The game lasted 00:00:48 (3078 turns).

sahdkjhfkaj the Ruffian (Minotaur Fighter)          Turns: 3078, Time: 00:00:49

Health: -10/45     AC: 10    Str: 22    XL:     5   Next: 54%
Magic:  4/4        EV:  7    Int:  5    God:
Gold:   165        SH:  9    Dex:  9    Spells: 4/4 levels left

rFire    . . .     SeeInvis .     - Unarmed
rCold    . . .     Faith    .   b - +0 kite shield
rNeg     . . .     Spirit   .   a - +0 scale mail
rPois    .         Reflect  .   (helmet restricted)
rElec    .         Harm     .   l - +2 cloak
rCorr    .         Rampage  .   (no gloves)
Will     .....                  (no boots)
Stlth    ..........             (no amulet)
HPRegen  0.15/turn              (no ring)
MPRegen  0.09/turn              (no ring)

@: mighty
A: horns 2, retaliatory headbutt
a: no special abilities


You were on level 6 of the Dungeon.
You visited 1 branch of the dungeon, and saw 4 of its levels.

You collected 165 gold pieces.

Inventory:

Armour
 a - a +0 scale mail (worn)
 b - a +0 kite shield (worn)
 l - a +2 cloak (worn)
   (You found it on level 2 of the Dungeon)
Scrolls
 e - a scroll of amnesia
 f - a scroll of identify
 j - a scroll of enchant armour
 k - a scroll of magic mapping {unknown}
 m - a scroll of fear {unknown}
Potions
 g - a potion of haste {unknown}
 h - a potion of flight {unknown}
 i - a potion of cancellation {unknown}
 q - a potion of curing


   Skills:
 - Level 3.6 Fighting
 - Level 3.6 Armour
 - Level 3.6 Shields
 + Level 6.5 Unarmed Combat


You had 4 spell levels left.
You didn't know any spells.
Your spell library was empty.

Dungeon Overview and Level Annotations

Branches:
Dungeon (3/15)

Altars:

Shops:
D:2 [=:*:


Innate Abilities, Weirdness & Mutations

You have a pair of horns on your head.
You reflexively headbutt those who attack you in melee.


Message History

You are too confused!
You are too confused!
You are too confused!
You are too confused!
There are monsters nearby!
There are monsters nearby!
There are monsters nearby!
There are monsters nearby!
There are monsters nearby!
There are monsters nearby!
There are monsters nearby!
There are monsters nearby!
Unknown command.
You closely miss the orc priest.
The orc priest casts a cantrip, but nothing happens.
The orc priest hits you but does no damage.
It was a potion of curing.
You feel better.
q - a potion of curing The orc priest miscasts a cantrip.
You block the orc priest's attack.
Okay, then.
The orc priest looks braver for a moment.
You feel very mighty all of a sudden. The orc wizard closely misses you.
The orc priest invokes the aid of Beogh against you.
Beogh smites you!
You closely miss the orc wizard. You block the orc wizard's attack.
The orc priest mumbles some strange prayers to Beogh against you.
Beogh smites you!
You barely miss the orc wizard.
You headbutt the orc wizard, but do no damage.
You block the orc wizard's attack.
The orc priest calls down the wrath of Beogh upon you.
Beogh smites you!
* * * LOW HITPOINT WARNING * * *
You punch the orc wizard! You headbutt the orc wizard.
You kill the orc wizard!
The orc priest mumbles some strange prayers to Beogh against you.
Beogh smites you!
You die...

..#.#
..#.
#.#.
#.. #
#..$#
#o#.#
#oo.#
#)#
#@#
#.#
#.#
#.#
..>
..#
..#
...#


You could see 2 orc priests and an orc.

Vanquished Creatures
  A gnoll shaman (D:3)
  An orc wizard (D:6)
  4 gnolls (D:3)
  5 adders
  3 worms
  4 dart slugs
  5 orcs (D:3)
  6 ball pythons
  7 bats
  7 endoplasms
  2 giant cockroaches (D:3)
  7 goblins
  3 hobgoblins
  5 jackals (D:2)
  2 quokkas (D:1)
  4 frilled lizards
  3 kobolds
  6 rats
75 creatures vanquished.

Vanquished Creatures (others)
  2 plants (D:1)
2 creatures vanquished.

Grand Total: 77 creatures vanquished

Notes
Turn   | Place    | Note
-------+----------+-------------------------------------------
     0 | D:1      | sahdkjhfkaj the Minotaur Fighter began the quest for the
                  | Orb.
     0 | D:1      | Reached XP level 1. HP: 19/19 MP: 0/0
   591 | D:1      | Reached skill level 3 in Unarmed Combat
   591 | D:1      | Reached XP level 2. HP: 18/26 MP: 1/1
  1421 | D:2      | Found Pack's Jewellery Shop.
  1481 | D:2      | Found Ceacoeghukh's Antique Armour Boutique.
  1489 | D:2      | Reached XP level 3. HP: 31/31 MP: 2/2
  1535 | D:2      | Found Panioll's Book Boutique.
  1538 | D:2      | Reached skill level 4 in Unarmed Combat
  1577 | D:2      | Found Qinidd's Book Shop.
  1705 | D:2      | Found Kuoqil's General Store.
  2110 | D:2      | Reached XP level 4. HP: 39/39 MP: 3/3
  2363 | D:3      | Reached skill level 5 in Unarmed Combat
  2751 | D:3      | Reached skill level 6 in Unarmed Combat
  2751 | D:3      | Reached XP level 5. HP: 38/45 MP: 4/4
  3069 | D:3      | You fall into a shaft and drop 3 floors!
  3078 | D:6      | Killed from afar by an orc priest

Illustrated notes

Levels and vault maps discovered:
D:1:      lightli_molten_gateway, layout_loops_corners, minmay_lizard_king
D:2:      layout_loops_corners, serial_glass, glass_columns_b, glass_columns_a,
          serial_shops, nicolae_shop_overgrown_old_shop,
          nicolae_shop_statue_plus, shop, nicolae_shop_trees,
          nicolae_shop_temple_entry_statues_fountains
D:3:      minmay_bubble_buster, layout_basic, minmay_close_crescents
D:6:      layout_loops_cross, minmay_temple_entry_mist, roderic_lattice_a

Skill      XL: |  1  2  3  4 |
---------------+-------------+-----
Unarmed Combat | 3 4 6 |  6.5
Fighting       | |  3.6
Armour         | |  3.6
Shields        | |  3.6

Action                   |  1- 3 |  4- 6 || total
-------------------------+-------+-------++-------
Melee: Unarmed           |    90 |   106 ||   196
       Headbutt          |     8 |    18 ||    26
  Use: Scroll            |       |     2 ||     2
       Potion            |       |     2 ||     2
Armor: Scale mail        |    30 |    43 ||    73
Dodge: Dodged            |    30 |    27 ||    57
Block: Kite shield       |    38 |    51 ||    89

Table legend: (Time is in decaauts)
 A = Elapsed time spent in this place.
 B = Non-inter-level travel time spent in this place.
 C = Inter-level travel time spent in this place.
 D = Time resting spent in this place.
 E = Time spent auto-exploring this place.
 F = Levels seen in this place.
 G = Mean time per level.
                   A        B        C        D        E       F      G
               +--------+--------+--------+--------+--------+-----+--------+
         Total |   3104 |   2965 |    139 |      0 |   2578 |   4 |  776.0 |
       Dungeon |   3104 |   2965 |    139 |      0 |   2578 |   4 |  776.0 |
               +--------+--------+--------+--------+--------+-----+--------+

Top non-repeatable levels by time:
     D:1: 1188 daAuts
     D:2: 1182 daAuts
     D:3: 724 daAuts
     D:6: 9 daAuts
